TOP OF THE 1ST |
New York (WIN) Yankees batting - Pitching for Chicago (WIN) Cubs : LHP Mike Alexander
|
Pitching: LHP Mike Alexander
|
|
Batting: LHB Justin O'Neal
|
0-0: Called Strike 0-1: Foul Ball, location: 5SF 0-2: Ball 1-2: Ball 2-2: Foul Ball, location: 7LMF 2-2: Ball 3-2: Strikes out swinging
|
Batting: RHB Phil Reeves
|
0-0: Fly out, F7 (Flyball, 7, EV 94.4 MPH)
|
Batting: SHB Corey Penson
|
0-0: Called Strike 0-1: Fly out, F7 (Flyball, 7D, EV 95.0 MPH)
|
Top of the 1st over - 0 runs, 0 hits, 0 errors, 0 left on base; New York (WIN) 0 - Chicago (WIN) 0 |
BOTTOM OF THE 1ST |
Chicago (WIN) Cubs batting - Pitching for New York (WIN) Yankees : RHP Aneirin Cadwallader
|
Pitching: RHP Aneirin Cadwallader
|
|
Batting: RHB Ricky Ramirez
|
0-0: Called Strike 0-1: Foul Ball, location: 9LDF 0-2: Ball 1-2: Ball 2-2: Ball 3-2: Foul Ball, location: 9LDF 3-2: Hit by Pitch
|
Batting: SHB Karl Starnes
|
0-0: Foul Ball, location: 7LDF 0-1: Ball 1-1: Foul Ball, location: 25FF 1-2: Ball 2-2: Foul Ball, location: 7LMF 2-2: Fly out, F6 (Popup, P, EV 81.9 MPH)
|
Batting: LHB Angel Oropeza
|
0-0: Ball Wild Pitch! Ricky Ramirez to second 1-0: Ball 2-0: Foul Ball, location: 2F 2-1: Ground out 6-3 (Groundball, 4MD, EV 107.5 MPH)
|
Batting: RHB Brad Santanello
|
0-0: Swinging Strike 0-1: Ball 1-1: Swinging Strike 1-2: Strikes out swinging
|
Bottom of the 1st over - 0 runs, 0 hits, 0 errors, 1 left on base; New York (WIN) 0 - Chicago (WIN) 0 |
TOP OF THE 2ND |
New York (WIN) Yankees batting - Pitching for Chicago (WIN) Cubs : LHP Mike Alexander
|
Batting: LHB Steve LeGrand
|
0-0: Ball 1-0: Ball 2-0: Swinging Strike 2-1: Swinging Strike 2-2: Reached via error on a dropped throw from 1B, E1 (Groundball, 3D, EV 101.9 MPH)
|
Batting: RHB Greg Harden
|
0-0: Fly out, F9 (Line Drive, 9S, EV 89.4 MPH)
|
Batting: LHB Dale Anderson
|
0-0: Called Strike 0-1: Ball 1-1: Foul Ball, location: 3SF 1-2: Hit by Pitch Steve LeGrand to second
|
Batting: RHB Nazeeh Zubair
|
0-0: Called Strike 0-1: Swinging Strike 0-2: Foul Ball, location: 2F 0-2: Ball 1-2: Ball 2-2: Ball 3-2: Strikes out swinging
|
Batting: SHB Houston Phillips
|
0-0: Foul Ball, location: 3SF 0-1: Fielders Choice at 2nd, 6-4 (Groundball, 6, EV 106.9 MPH)
|
Top of the 2nd over - 0 runs, 0 hits, 1 error, 2 left on base; New York (WIN) 0 - Chicago (WIN) 0 |
BOTTOM OF THE 2ND |
Chicago (WIN) Cubs batting - Pitching for New York (WIN) Yankees : RHP Aneirin Cadwallader
|
Batting: LHB Daigo Ishii
|
0-0: Ball 1-0: Called Strike 1-1: Foul Ball, location: 2LF 1-2: Strikes out swinging
|
Batting: RHB Taylor Garofalo
|
0-0: Ball 1-0: Ball 2-0: Foul Ball, location: 5SF 2-1: Ball 3-1: Ground out 4-3 (Groundball, 4, EV 98.1 MPH)
|
Batting: LHB Nate Greening
|
0-0: Ball 1-0: Foul Ball, location: 7LSF 1-1: Ball 2-1: DOUBLE (Flyball, 8LXD, EV 101.9 MPH)
|
Batting: RHB Du Kim
|
0-0: Called Strike 0-1: Foul Ball, location: 2F 0-2: Fly out, F8 (Flyball, 8LD, EV 106.9 MPH)
|
Bottom of the 2nd over - 0 runs, 1 hit, 0 errors, 1 left on base; New York (WIN) 0 - Chicago (WIN) 0 |
TOP OF THE 3RD |
New York (WIN) Yankees batting - Pitching for Chicago (WIN) Cubs : LHP Mike Alexander
|
Batting: RHB Elmar Adenauer
|
0-0: Swinging Strike 0-1: Foul Ball, location: 2F 0-2: Ball 1-2: Ball 2-2: Strikes out looking
|
Batting: LHB Justin O'Neal
|
0-0: Swinging Strike 0-1: Ball 1-1: Swinging Strike 1-2: Foul Ball, location: 25F 1-2: Strikes out swinging
|
Batting: RHB Phil Reeves
|
0-0: Called Strike 0-1: SINGLE (Line Drive, 3D, EV 102.5 MPH)
|
Batting: SHB Corey Penson
|
0-0: Ball 1-0: Ball 2-0: Foul Ball, location: 2F 2-1: Foul Ball, location: 2F 2-2: Foul Ball, location: 9LSF 2-2: Foul Ball, location: 23FF 2-2: Fly out, F8 (Flyball, 89XD, EV 100.6 MPH)
|
Top of the 3rd over - 0 runs, 1 hit, 0 errors, 1 left on base; New York (WIN) 0 - Chicago (WIN) 0 |
BOTTOM OF THE 3RD |
Chicago (WIN) Cubs batting - Pitching for New York (WIN) Yankees : RHP Aneirin Cadwallader
|
Batting: RHB Denis Rachin
|
0-0: Ground out 3-1 (Groundball, 34, EV 83.1 MPH)
|
Batting: RHB Ricky Ramirez
|
0-0: Ball 1-0: Foul Ball, location: 2F 1-1: Called Strike 1-2: Ball 2-2: Ball 3-2: Strikes out swinging
|
Batting: SHB Karl Starnes
|
0-0: Foul Ball, location: 9LDF 0-1: Ball 1-1: Foul Ball, location: 9LSF 1-2: Ball 2-2: SINGLE (Line Drive, 56D, EV 98.8 MPH)
|
Batting: LHB Angel Oropeza
|
0-0: 2-RUN HOME RUN (Flyball, 9D, EV 98.8 MPH), Distance : 379 ft
|
Batting: RHB Brad Santanello
|
0-0: Ball 1-0: Ball 2-0: Foul Ball, location: 2F 2-1: Ball 3-1: Foul Ball, location: 23F 3-2: Foul Ball, location: 2F 3-2: Foul Ball, location: 2F 3-2: Fly out, F9 (Flyball, 9, EV 86.3 MPH)
|
Bottom of the 3rd over - 2 runs, 2 hits, 0 errors, 0 left on base; New York (WIN) 0 - Chicago (WIN) 2 |
TOP OF THE 4TH |
New York (WIN) Yankees batting - Pitching for Chicago (WIN) Cubs : LHP Mike Alexander
|
Batting: LHB Steve LeGrand
|
0-0: Ball 1-0: Ball 2-0: Fly out, F9 (Flyball, 9, EV 90.0 MPH)
|
Batting: RHB Greg Harden
|
0-0: Called Strike 0-1: Ball 1-1: Swinging Strike 1-2: Hit by Pitch
|
Batting: LHB Dale Anderson
|
0-0: Ball 1-0: Foul Ball, location: 2F 1-1: Ball 2-1: Ball 3-1: Base on Balls Greg Harden to second
|
Batting: RHB Nazeeh Zubair
|
0-0: Ball 1-0: Ball 2-0: Ball Wild Pitch! Greg Harden to third Dale Anderson to second 3-0: Called Strike 3-1: Base on Balls
|
Batting: SHB Houston Phillips
|
0-0: Ball 1-0: Fly out, F8 (Line Drive, 8RD, EV 90.0 MPH) Runner from 3rd tags up, SCORES, throw by CF
|
Batting: RHB Elmar Adenauer
|
0-0: Called Strike 0-1: Called Strike 0-2: Strikes out swinging
|
Top of the 4th over - 1 run, 0 hits, 0 errors, 2 left on base; New York (WIN) 1 - Chicago (WIN) 2 |
BOTTOM OF THE 4TH |
Chicago (WIN) Cubs batting - Pitching for New York (WIN) Yankees : RHP Aneirin Cadwallader
|
Batting: LHB Daigo Ishii
|
0-0: Ball 1-0: Called Strike 1-1: Foul Ball, location: 2F 1-2: Ball 2-2: Ball 3-2: Base on Balls
|
Batting: RHB Taylor Garofalo
|
0-0: SINGLE (Line Drive, 7S, EV 95.0 MPH) Daigo Ishii to second
|
Batting: LHB Nate Greening
|
0-0: Ball 1-0: Bunted foul 1-1: Sac Bunt to 2L - play at first, batter OUT! 2-4 Daigo Ishii to third Taylor Garofalo to second
|
Batting: RHB Du Kim
|
0-0: Called Strike 0-1: Ball 1-1: Ground out 1-3 (Groundball, 13, EV 69.4 MPH)
|
Batting: RHB Denis Rachin
|
0-0: Foul Ball, location: 23F 0-1: SINGLE (Line Drive, 78M, EV 110.0 MPH) Daigo Ishii scores Taylor Garofalo to third
|
Batting: RHB Ricky Ramirez
|
0-0: Swinging Strike 0-1: Ball Wild Pitch! Taylor Garofalo scores Denis Rachin to second 1-1: Ball 2-1: Ball 3-1: Foul Ball, location: 5FF 3-2: Foul Ball, location: 9LDF 3-2: Strikes out swinging
|
Bottom of the 4th over - 2 runs, 2 hits, 0 errors, 1 left on base; New York (WIN) 1 - Chicago (WIN) 4 |
TOP OF THE 5TH |
New York (WIN) Yankees batting - Pitching for Chicago (WIN) Cubs : LHP Mike Alexander
|
Batting: LHB Justin O'Neal
|
0-0: Foul Ball, location: 2F 0-1: Ball 1-1: Ball 2-1: Foul Ball, location: 7LDF 2-2: Ground out 5-3 (Groundball, 56, EV 106.3 MPH)
|
Batting: RHB Phil Reeves
|
0-0: Swinging Strike 0-1: Swinging Strike 0-2: Strikes out swinging
|
Batting: SHB Corey Penson
|
0-0: Foul Ball, location: 9LMF 0-1: Fly out, F8 (Flyball, 8RD, EV 81.3 MPH)
|
Top of the 5th over - 0 runs, 0 hits, 0 errors, 0 left on base; New York (WIN) 1 - Chicago (WIN) 4 |
BOTTOM OF THE 5TH |
Chicago (WIN) Cubs batting - Pitching for New York (WIN) Yankees : RHP Aneirin Cadwallader
|
Pitching: RHP Ken Howington
|
|
Batting: SHB Karl Starnes
|
0-0: Ball 1-0: Ball 2-0: Ground out U3 (Groundball, 3, EV 86.9 MPH)
|
Batting: LHB Angel Oropeza
|
0-0: Foul Ball, location: 3SF 0-1: Ball 1-1: Swinging Strike 1-2: Ground out U3 (Groundball, 34S, EV 87.5 MPH)
|
Batting: RHB Brad Santanello
|
0-0: Called Strike 0-1: Swinging Strike 0-2: Foul Ball, location: 9LSF 0-2: Ball 1-2: DOUBLE (Line Drive, 9LD, EV 103.1 MPH)
|
Batting: LHB Daigo Ishii
|
0-0: Ball 1-0: Swinging Strike 1-1: Ball 2-1: Foul Ball, location: 2F 2-2: Foul Ball, location: 5FF 2-2: Fly out, F8 (Flyball, 78M, EV 86.3 MPH)
|
Bottom of the 5th over - 0 runs, 1 hit, 0 errors, 1 left on base; New York (WIN) 1 - Chicago (WIN) 4 |
TOP OF THE 6TH |
New York (WIN) Yankees batting - Pitching for Chicago (WIN) Cubs : LHP Mike Alexander
|
Batting: LHB Steve LeGrand
|
0-0: Foul Ball, location: 23F 0-1: Ball 1-1: Foul Ball, location: 7LDF 1-2: Ground out 6-3 (Groundball, 6, EV 88.1 MPH)
|
Batting: RHB Greg Harden
|
0-0: Called Strike 0-1: Ball 1-1: Foul Ball, location: 7LMF 1-2: Ball 2-2: Foul Ball, location: 2F 2-2: Foul Ball, location: 5F 2-2: Foul Ball, location: 2F 2-2: Strikes out swinging
|
Batting: LHB Dale Anderson
|
0-0: Called Strike 0-1: Ground out 3-1 (Groundball, 34, EV 101.9 MPH)
|
Top of the 6th over - 0 runs, 0 hits, 0 errors, 0 left on base; New York (WIN) 1 - Chicago (WIN) 4 |
BOTTOM OF THE 6TH |
Chicago (WIN) Cubs batting - Pitching for New York (WIN) Yankees : RHP Ken Howington
|
Batting: RHB Taylor Garofalo
|
0-0: Foul Ball, location: 3F 0-1: Called Strike 0-2: Ball 1-2: Foul Ball, location: 2F 1-2: Foul Ball, location: 2F 1-2: Strikes out swinging
|
Batting: LHB Nate Greening
|
0-0: Called Strike 0-1: Ball 1-1: Swinging Strike 1-2: Ground out 6-3 (Groundball, 6M, EV 107.5 MPH)
|
Batting: RHB Du Kim
|
0-0: Called Strike 0-1: Ball 1-1: Swinging Strike 1-2: Ground out U3 (Groundball, 3L, EV 76.9 MPH)
|
Bottom of the 6th over - 0 runs, 0 hits, 0 errors, 0 left on base; New York (WIN) 1 - Chicago (WIN) 4 |
TOP OF THE 7TH |
New York (WIN) Yankees batting - Pitching for Chicago (WIN) Cubs : LHP Mike Alexander
|
Batting: RHB Nazeeh Zubair
|
0-0: Foul Ball, location: 23F 0-1: Ball 1-1: Ball 2-1: Ball 3-1: Base on Balls
|
Pitching: RHP Velimir Sljivancanin
|
|
Batting: SHB Houston Phillips
|
0-0: Ball 1-0: Ball 2-0: Ball 3-0: Base on Balls Nazeeh Zubair to second
|
Pinch Hitting: SHB David Stewart
|
0-0: Ball 1-0: Foul Ball, location: 2F 1-1: Called Strike 1-2: Ball 2-2: Foul Ball, location: 23F 2-2: Foul Ball, location: 2F 2-2: Ball 3-2: Foul Ball, location: 2F Balk! Nazeeh Zubair to third Houston Phillips to second 3-2: Foul Ball, location: 25F 3-2: Base on Balls
|
Batting: LHB Justin O'Neal
|
0-0: Called Strike 0-1: Called Strike 0-2: Ball 1-2: Foul Ball, location: 2LF 1-2: Foul Ball, location: 5FF 1-2: Strikes out swinging
|
Pinch Hitting: LHB Jared Zulkowski
|
0-0: Ball 1-0: Ball 2-0: Ball 3-0: Called Strike 3-1: Base on Balls Nazeeh Zubair scores Houston Phillips to third David Stewart to second
|
Batting: SHB Corey Penson
|
0-0: GRAND SLAM HOME RUN (Flyball, 9LD, EV 95.0 MPH), Distance : 361 ft
|
Pitching: LHP Ricardo Saucedo
|
|
Pinch Hitting: RHB Sam Hubbert
|
0-0: Ball 1-0: Foul Ball, location: 2RF 1-1: Ball 2-1: Ground out U3 (Groundball, 13, EV 85.0 MPH)
|
Pitching: RHP Trevor Woodbury
|
|
Batting: RHB Greg Harden
|
0-0: Ball 1-0: Foul Ball, location: 23F 1-1: Swinging Strike 1-2: Foul Ball, location: 7LMF 1-2: Strikes out swinging
|
Top of the 7th over - 5 runs, 1 hit, 0 errors, 0 left on base; New York (WIN) 6 - Chicago (WIN) 4 |
BOTTOM OF THE 7TH |
Chicago (WIN) Cubs batting - Pitching for New York (WIN) Yankees : RHP Ken Howington
|
Now at 3B: Christian Shearer
|
|
Now in LF: Jonathan Iniguez
|
|
Now in CF: Bart Davies
|
|
Batting: RHB Denis Rachin
|
0-0: Ball 1-0: Ball 2-0: Called Strike 2-1: SINGLE (Groundball, 56D, EV 106.9 MPH)
|
Batting: RHB Ricky Ramirez
|
0-0: Foul Ball, location: 2F 0-1: Swinging Strike 0-2: Ball 1-2: Foul Ball, location: 9LMF 1-2: Ball 2-2: Ball 3-2: TRIPLE (Flyball, 78XD, EV 102.5 MPH) Denis Rachin scores
|
Batting: SHB Karl Starnes
|
0-0: Ball 1-0: Fly out, F9 (Flyball, 9D, EV 103.1 MPH)
|
Batting: LHB Angel Oropeza
|
0-0: Swinging Strike 0-1: Ball 1-1: Ground out 4-3 (Groundball, 4, EV 86.9 MPH)
|
Pitching: RHP David Durr
|
|
Batting: RHB Brad Santanello
|
0-0: Swinging Strike 0-1: Ball 1-1: Ball 2-1: Foul Ball, location: 9LDF 2-2: SINGLE (Line Drive, 8LS, EV 104.4 MPH) Ricky Ramirez scores
|
Batting: LHB Daigo Ishii
|
0-0: Foul Ball, location: 7LDF 0-1: Ball 1-1: Foul Ball, location: 3F 1-2: Fly out, F8 (Line Drive, 8LM, EV 89.4 MPH)
|
Bottom of the 7th over - 2 runs, 3 hits, 0 errors, 1 left on base; New York (WIN) 6 - Chicago (WIN) 6 |
TOP OF THE 8TH |
New York (WIN) Yankees batting - Pitching for Chicago (WIN) Cubs : RHP Trevor Woodbury
|
Batting: LHB Dale Anderson
|
0-0: Ball 1-0: Ball 2-0: Ball 3-0: Called Strike 3-1: Base on Balls
|
Batting: RHB Nazeeh Zubair
|
0-0: Sac Bunt to 23 - play at first, batter OUT! 3-4 Dale Anderson to second
|
Batting: SHB Houston Phillips
|
0-0: Called Strike 0-1: Foul Ball, location: 23F 0-2: Ground out 6-3 (Groundball, 6, EV 86.9 MPH)
|
Batting: RHB Jonathan Iniguez
|
0-0: Foul Ball, location: 2F 0-1: Swinging Strike 0-2: Foul Ball, location: 3FF 0-2: Ball Wild Pitch! Dale Anderson to third 1-2: Ball 2-2: Strikes out looking
|
Top of the 8th over - 0 runs, 0 hits, 0 errors, 1 left on base; New York (WIN) 6 - Chicago (WIN) 6 |
BOTTOM OF THE 8TH |
Chicago (WIN) Cubs batting - Pitching for New York (WIN) Yankees : RHP David Durr
|
Batting: RHB Taylor Garofalo
|
0-0: Foul Ball, location: 3F 0-1: Ball 1-1: SINGLE (Line Drive, 34, EV 105.0 MPH)
|
Batting: LHB Nate Greening
|
0-0: Ball 1-0: Ball 2-0: Sac Bunt to 13 - play at first, batter OUT! 1-3 Taylor Garofalo to second
|
Batting: RHB Du Kim
|
0-0: Called Strike 0-1: Swinging Strike 0-2: Ball 1-2: Ball 2-2: Ground out 6-3 (Groundball, 6S, EV 82.5 MPH)
|
Batting: RHB Denis Rachin
|
0-0: Foul Ball, location: 9LSF 0-1: Ball 1-1: Ball 2-1: Foul Ball, location: 23FF 2-2: Foul Ball, location: 25F 2-2: Foul Ball, location: 3DF 2-2: Foul Ball, location: 2F 2-2: Strikes out swinging
|
Bottom of the 8th over - 0 runs, 1 hit, 0 errors, 1 left on base; New York (WIN) 6 - Chicago (WIN) 6 |
TOP OF THE 9TH |
New York (WIN) Yankees batting - Pitching for Chicago (WIN) Cubs : RHP Trevor Woodbury
|
Batting: LHB Justin O'Neal
|
0-0: Called Strike 0-1: Ball 1-1: Ball 2-1: Foul Ball, location: 2F 2-2: Strikes out swinging
|
Batting: RHB Christian Shearer
|
0-0: Swinging Strike 0-1: Ball 1-1: Called Strike 1-2: Strikes out swinging
|
Pitching: RHP Carlos Dominguez
|
|
Batting: SHB Corey Penson
|
0-0: Fly out, F7 (Line Drive, 7, EV 96.9 MPH)
|
Top of the 9th over - 0 runs, 0 hits, 0 errors, 0 left on base; New York (WIN) 6 - Chicago (WIN) 6 |
BOTTOM OF THE 9TH |
Chicago (WIN) Cubs batting - Pitching for New York (WIN) Yankees : RHP David Durr
|
Pitching: RHP Jarred Sharp
|
|
Batting: RHB Ricky Ramirez
|
0-0: Ball 1-0: Called Strike 1-1: Foul Ball, location: 2F 1-2: Foul Ball, location: 5DF 1-2: Ball 2-2: Ball 3-2: Strikes out looking
|
Batting: SHB Karl Starnes
|
0-0: Ball 1-0: Swinging Strike 1-1: Foul Ball, location: 3SF 1-2: Ball 2-2: Ball 3-2: DOUBLE (Line Drive, 89D, EV 110.0 MPH)
|
Batting: LHB Angel Oropeza
|
0-0: Intentional Walk
|
Batting: RHB Brad Santanello
|
0-0: Ball 1-0: Called Strike 1-1: Grounds into double play, 6-4-3 (Groundball, 56, EV 90.6 MPH)
|
Bottom of the 9th over - 0 runs, 1 hit, 0 errors, 1 left on base; New York (WIN) 6 - Chicago (WIN) 6 |
TOP OF THE 10TH |
New York (WIN) Yankees batting - Pitching for Chicago (WIN) Cubs : RHP Carlos Dominguez
|
Pinch Hitting: RHB Bryan Westray
|
0-0: Called Strike 0-1: Ball 1-1: SINGLE (Line Drive, 4MD, EV 94.4 MPH)
|
Batting: RHB Greg Harden
|
0-0: Ball 1-0: Called Strike 1-1: Ball 2-1: Foul Ball, location: 9LMF 2-2: SINGLE (Groundball, 56D, EV 99.4 MPH) Bryan Westray to second Runner from 2nd tries for 3rd, SAFE, throw by LF made to third
|
Batting: LHB Dale Anderson
|
0-0: Ball 1-0: Ball 2-0: Called Strike 2-1: Ball 3-1: Base on Balls Greg Harden to second
|
Batting: RHB Nazeeh Zubair
|
0-0: Ball 1-0: Foul Ball, location: 2F 1-1: Fly out, F9 (Flyball, 9LMF, EV 85.6 MPH) Runner from 3rd tags up, SCORES, throw by RF Greg Harden to third
|
Batting: SHB Houston Phillips
|
0-0: Called Strike 0-1: Bunted foul 0-2: Ball 1-2: Foul Ball, location: 9LMF 1-2: Ball 2-2: Strikes out looking
|
Batting: RHB Jonathan Iniguez
|
0-0: Ball 1-0: Ball 2-0: Called Strike 2-1: Ball 3-1: Called Strike 3-2: Foul Ball, location: 9LSF 3-2: Fly out, F7 (Flyball, 7, EV 97.5 MPH)
|
Top of the 10th over - 1 run, 2 hits, 0 errors, 2 left on base; New York (WIN) 7 - Chicago (WIN) 6 |
BOTTOM OF THE 10TH |
Chicago (WIN) Cubs batting - Pitching for New York (WIN) Yankees : RHP Jarred Sharp
|
Now in LF: Bryan Westray
|
|
Now in CF: Jonathan Iniguez
|
|
Batting: LHB Daigo Ishii
|
0-0: Called Strike 0-1: Foul Ball, location: 9LMF 0-2: Foul Ball, location: 2F 0-2: Fly out, F9 (Flyball, 9D, EV 94.4 MPH)
|
Batting: RHB Taylor Garofalo
|
0-0: Ball 1-0: Fly out, F7 (Flyball, 7D, EV 101.3 MPH)
|
Batting: LHB Nate Greening
|
0-0: Ball 1-0: Ball 2-0: Called Strike 2-1: Foul Ball, location: 25F 2-2: Strikes out swinging
|
Bottom of the 10th over - 0 runs, 0 hits, 0 errors, 0 left on base; New York (WIN) 7 - Chicago (WIN) 6 |
|